 Dungeon Crawl Stone Soup version 0.25.1-2-g60ff931df9 (webtiles) character file.

Game seed: 15856559795153667460

10054 lepoulpe303 the Grappler (level 11, 0/105 HPs)
             Began as a Troll Abyssal Knight on Sept 15, 2020.
             Was a High Priest of Lugonu.
             Slain by a white ugly thing (25 damage)
             ... on level 11 of the Dungeon.
             The game lasted 00:33:06 (10170 turns).

lepoulpe303 the Grappler (Troll Abyssal Knight)    Turns: 10170, Time: 00:33:06

Health: 0/105      AC: 16    Str: 30    XL:     11   Next: 31%
Magic:  16/16      EV: 11    Int:  8    God:    Lugonu [*****.]
Gold:   670        SH:  0    Dex: 10    Spells: 10/10 levels left

rFire    . . .     SeeInvis .     - Unarmed
rCold    . . .     Gourm    +   (no shield)
rNeg     . . .     Faith    .   L - +0 troll leather armour {regen}
rPois    .         Spirit   .   (helmet restricted)
rElec    .         Reflect  .   D - +0 cloak
rCorr    .         Harm     .   (gloves unavailable)
MR       .....                  (boots unavailable)
Stlth    +.........             F - amulet of the acrobat
HPRegen  1.07/turn              f - +6 ring of strength
MPRegen  0.15/turn              o - +4 ring of protection

@: no status effects
A: large, unfitting armour, claws 3, hooves 1, yellow scales 1, fast metabolism
3, gourmand, regeneration 1, shaggy fur 1, tough skin 3
a: Depart the Abyss, Bend Space, Banish, Corrupt, Enter the Abyss, Renounce
Religion


You were on level 11 of the Dungeon.
You worshipped Lugonu.
Lugonu was extremely pleased with you.
You were very full.

You visited 1 branch of the dungeon, and saw 11 of its levels.
You visited the Abyss 1 time.

You collected 670 gold pieces.

Inventory:

Missiles
 w - 50 poisoned darts
 O - 4 boomerangs (quivered)
 Q - 318 stones
Armour
 a - a +0 robe
 D - a +0 cloak (worn)
 E - +0 steam dragon scales
 L - a +0 troll leather armour (worn) {regen}
 N - a +2 robe of positive energy
Jewellery
 c - an uncursed ring of poison resistance {unknown}
 f - a +6 ring of strength (left claw)
 m - an uncursed ring of protection from cold {unknown}
 o - a +4 ring of protection (right claw)
 q - an uncursed ring of positive energy {unknown}
 F - an amulet of the acrobat (around neck)
 G - an uncursed ring of protection from cold {unknown}
Wands
 y - a wand of paralysis (5)
 z - a wand of polymorph (4)
 H - a wand of clouds (6)
 K - a wand of iceblast (12)
 R - a wand of acid (10)
Scrolls
 b - a scroll of noise {unknown}
 d - 2 scrolls of magic mapping {unknown}
 g - 3 scrolls of remove curse {unknown}
 i - 2 scrolls of identify
 n - 2 scrolls of amnesia {unknown}
 s - 2 scrolls of blinking {unknown}
 t - 8 scrolls of teleportation
 x - 2 scrolls of fog {unknown}
 B - a scroll of enchant armour {unknown}
 I - a scroll of holy word {unknown}
 J - a scroll of enchant weapon {unknown}
 P - 3 scrolls of immolation {unknown}
Potions
 h - 2 potions of haste
 j - 2 potions of mutation {!q}
 k - 6 potions of curing
 l - 4 potions of heal wounds
 p - a potion of degeneration {unknown}
 r - a potion of lignification {unknown}
 u - a potion of resistance {unknown}
 v - a potion of flight {unknown}
 A - a potion of ambrosia {unknown}
 C - 2 potions of might
 S - a potion of invisibility {unknown}
Comestibles
 e - 25 rations


   Skills:
 + Level 5.9 Fighting
 + Level 5.7 Throwing
 * Level 4.8 Armour
 + Level 5.7 Dodging
 * Level 9.2 Unarmed Combat
 * Level 8.4 Invocations
 + Level 0.5 Evocations


You had 10 spell levels left.
You didn't know any spells.
Your spell library contained the following spells:

 Spells                   Type           Power        Failure   Level  Hunger
 Animate Skeleton         Necr           N/A          43%         1    ##.....
 Corona                   Hex            #......      43%         1    ##.....
 Magic Dart               Conj           #...         43%         1    ##.....
 Pain                     Necr           #...         43%         1    ##.....
 Blink                    Tloc           N/A          58%         2    ###....
 Call Imp                 Summ           #.......     58%         2    ###....
 Ensorcelled Hibernation  Hex/Ice        #.....       58%         2    ###....
 Slow                     Hex            #.......     58%         2    ###....
 Confusing Touch          Hex            #.......     82%         3    ####...
 Conjure Flame            Conj/Fire      #.......     82%         3    ####...
 Dazzling Flash           Conj/Hex       #.....       82%         3    ####...
 Mephitic Cloud           Conj/Pois/Air  #.......     82%         3    ####...
 Tukima's Dance           Hex            #.......     82%         3    ####...
 Vampiric Draining        Necr           #.........   82%         3    ####...
 Animate Dead             Necr           N/A          99%         4    #####..
 Agony                    Necr           #.......     100%        5    ######.


Dungeon Overview and Level Annotations

Branches:
Dungeon (11/15)            Temple (0/1) D:7            Lair (0/6) D:10
    Orc: D:9-12

Altars:
Dithmenos
Fedhas
Hepliaklqana
Makhleb
Nemelex Xobeh
Qazlal
Ru
Uskayaw
Vehumet
Wu Jian
Xom
Yredelemnul

Shops:
D:6 %   D:9 ?

Annotations:
D:4 3 runed translucent doors, ioannis32's ghost, amateur DsBe; nebnoj's ghost, amateur MiFi


Innate Abilities, Weirdness & Mutations

You are too large for most types of armour.
You have claws for hands.
Your metabolism is lightning-fast.
You like to eat raw meat.
Your natural rate of healing is unusually fast.
You are covered in fur. (AC +1)
You have extremely tough skin. (AC +3)
You have large cloven feet.
You are partially covered in yellow scales. (AC +2)


Message History

The white ugly thing tail-slaps you but does no damage.
You completely miss the white ugly thing.
The white ugly thing tail-slaps you! The white ugly thing freezes you!
* * * LOW HITPOINT WARNING * * *
You take 26 damage, and have 50/105 hp.
MASSIVE DAMAGE!!
You scratch the white ugly thing.
You kick the white ugly thing, but do no damage.
The white ugly thing tail-slaps you but does no damage.
You claw the white ugly thing! You kick the white ugly thing.
You claw the white ugly thing! The white ugly thing tail-slaps you.
* * * LOW HITPOINT WARNING * * *
The white ugly thing freezes you!
* * * LOW HITPOINT WARNING * * *
You take 20 damage, and have 31/105 hp.
You claw the white ugly thing! You claw the white ugly thing!
The white ugly thing tail-slaps you!
* * * LOW HITPOINT WARNING * * *
The white ugly thing freezes you!!
You die...

########### ########
#.......... #.<....#
###.......... #.รท....#
#.'..........
#......####.#..........
#......##...#..........
#....).'..###.@........
#......#### ###u#######
##+##### #..#####
##....%# #####.# ...
..$.? ...?.# .....#


You could see a white ugly thing.

Levels and vault maps discovered:
D:1:      matt_arrival_spirals, layout_basic, minmay_tetromino_l2
D:2:      layout_loops_ring, serial_bayou_crossing, uniq_robin
D:3:      layout_rooms, grunt_qazlal_clouds
D:4:      layout_basic, fedhas_altar_1, first_ration, gammafunk_ghost_cemetery,
          nicolae_dithmenos_the_darkroom
D:5:      layout_gridville, uniq_grinder, uniq_menkaure, uniq_pikel
D:6:      layout_basic, demons_altar, serial_shops, shop, uniq_maggie
D:7:      layout_cave_pools, chequers_temple_overflow_minitemple,
          doesnt_xom_only_xom, minmay_temple_entry_trees, the_bakery
D:8:      layout_loops_ring, marbit_many_paths
D:9:      layout_loops_ring, serial_shops, shop_fountains,
          nicolae_ru_path_of_blood
D:10:     nicolae_whirlpool, layout_irregular_city, erik_lair_orcish_takeover,
          minmay_misc_feat_ornament, lemuel_tele_altar, uniq_snorg
D:11:     layout_roguey, erik_orc_3, basic_altar, uniq_urug, uniq_sonja

Notes
Turn   | Place    | Note
-------+----------+-------------------------------------------
     0 | Abyss:1  | lepoulpe303 the Troll Abyssal Knight began the quest for
                  | the Orb.
     0 | Abyss:1  | Reached XP level 1. HP: 22/22 MP: 1/1
    32 | Abyss:1  | Found a sparkling altar of Nemelex Xobeh.
    54 | Abyss:1  | Noticed a shadow dragon
    56 | D:1      | Escaped the Abyss
   151 | D:1      | Reached skill level 2 in Dodging
   357 | D:1      | Reached XP level 2. HP: 27/29 MP: 2/2
   475 | D:1      | Identified a +0 spear
   486 | D:1      | HP: 4/29 [gnoll/+0 spear (11)]
   545 | D:1      | Reached skill level 2 in Invocations
   685 | D:1      | Identified a +0 dagger
   727 | D:1      | Identified a +0 short sword
   740 | D:1      | Reached XP level 3. HP: 31/36 MP: 3/3
   743 | D:1      | Reached * piety under Lugonu
   996 | D:1      | Identified a +0 club
  1022 | D:1      | Identified 2 scrolls of identify
  1022 | D:1      | Identified a ring of strength (You found it on level 1 of
                  | the Dungeon)
  1288 | D:2      | Identified a +0 dagger
  1324 | D:2      | Identified a +0 club
  1326 | D:2      | Identified a +0 dagger
  1329 | D:2      | Identified a +0 club
  1331 | D:2      | Identified a +0 dagger
  1335 | D:2      | Identified a +0 dagger
  1336 | D:2      | Reached skill level 1 in Throwing
  1357 | D:2      | Reached XP level 4. HP: 44/44 MP: 4/4
  1362 | D:2      | Identified a +1 whip of flaming
  1362 | D:2      | Identified a +0 animal skin
  1362 | D:2      | Identified a +0 helmet
  1362 | D:2      | Noticed Robin
  1366 | D:2      | Identified a +0 club
  1366 | D:2      | Identified a cursed -2 hunting sling
  1378 | D:2      | Killed Robin
  1459 | D:2      | Identified a +0 whip
  1462 | D:2      | Identified a +0 club
  1468 | D:2      | Reached ** piety under Lugonu
  1518 | D:2      | Identified a cursed -2 trident
  1520 | D:2      | Identified a +0 dagger
  1564 | D:2      | Identified a +0 dagger
  1709 | D:2      | Reached skill level 3 in Unarmed Combat
  1842 | D:2      | Identified a +0 short sword
  1842 | D:2      | Identified a +0 chain mail
  1842 | D:2      | Noticed an orc warrior
  1842 | D:2      | Identified a +0 leather armour
  1843 | D:2      | Identified a +0 club
  1843 | D:2      | Identified a +0 leather armour
  1875 | D:2      | HP: 9/44 [orc warrior/+0 short sword (19)]
  2263 | D:2      | Identified 2 scrolls of teleportation
  2263 | D:2      | HP: 5/44 [orc warrior/+0 short sword (16)]
  2303 | D:3      | Identified a +0 club
  2357 | D:3      | Identified a cursed -1 trident
  2358 | D:3      | Identified a cursed +0 club
  2393 | D:3      | Identified a +0 short sword
  2410 | D:3      | Identified a cursed -2 club
  2410 | D:3      | Identified a cursed -1 hunting sling
  2411 | D:3      | Identified a +0 mace
  2412 | D:3      | Identified a +0 whip of flaming
  2412 | D:3      | Identified a +0 dagger
  2413 | D:3      | Identified a cursed -1 dagger
  2430 | D:3      | Reached XP level 5. HP: 50/52 MP: 6/6
  2575 | D:3      | Identified 2 potions of heal wounds
  2576 | D:3      | Identified a ring of protection (You found it on level 2 of
                  | the Dungeon)
  2634 | D:3      | Found a stormy altar of Qazlal.
  3073 | D:2      | HP: 7/52 [orc warrior/+0 short sword (18)]
  3133 | D:4      | Reached skill level 3 in Fighting
  3133 | D:4      | Reached skill level 3 in Invocations
  3265 | D:4      | Found a shadowy altar of Dithmenos.
  3325 | D:4      | Found a blossoming altar of Fedhas.
  3345 | D:4      | Identified a +0 giant spiked club
  3345 | D:4      | Noticed an ogre
  3346 | D:4      | Reached XP level 6. HP: 53/61 MP: 7/7
  3346 | D:4      | Identified a +0 dagger
  3354 | D:4      | Reached skill level 2 in Throwing
  3354 | D:4      | Reached skill level 4 in Unarmed Combat
  3527 | D:4      | Found a runed translucent gate.
  3528 | D:4      | Found a runed translucent gate.
  3528 | D:4      | Found a runed translucent gate.
  3529 | D:4      | Noticed ioannis32's ghost (amateur DsBe)
  3530 | D:4      | Noticed nebnoj's ghost (amateur MiFi)
  3941 | D:5      | Entered Level 5 of the Dungeon
  3982 | D:5      | Reached skill level 3 in Dodging
  3990 | D:5      | Reached XP level 7. HP: 40/67 MP: 8/8
  4101 | D:5      | Identified a +0 flail
  4106 | D:5      | Reached *** piety under Lugonu
  4173 | D:5      | Identified a +0 shortbow
  4192 | D:5      | Reached skill level 4 in Invocations
  4270 | D:5      | Identified a +0 trident
  4270 | D:5      | Identified a +0 leather armour
  4273 | D:5      | Identified a +1 whip of electrocution
  4273 | D:5      | Identified a +0 robe
  4273 | D:5      | Noticed Pikel
  4285 | D:5      | Identified a +0 flail
  4298 | D:5      | Killed Pikel
  4298 | D:5      | Reached skill level 3 in Throwing
  4298 | D:5      | Reached skill level 5 in Unarmed Combat
  4298 | D:5      | Reached XP level 8. HP: 28/78 MP: 10/10
  4385 | D:5      | Identified a +0 club
  4385 | D:5      | Identified a +0 leather armour
  4386 | D:5      | Identified a +0 spear
  4387 | D:5      | Identified a +0 spear
  4430 | D:5      | HP: 17/78 [gnoll/+0 spear (5)]
  4436 | D:4      | HP: 17/78 [gnoll/+0 flail (1)]
  4441 | D:4      | HP: 15/78 [gnoll/+0 flail (1)]
  4820 | D:5      | Noticed Grinder
  4823 | D:5      | Paralysed by Grinder for 2 turns
  4858 | D:5      | Identified 3 potions of mutation
  4859 | D:5      | Identified a potion of haste
  4860 | D:5      | Gained mutation: Your spells are a little easier to cast,
                  | but a little less powerful. [potion of mutation]
  4860 | D:5      | Lost mutation: Your spells are a little easier to cast, but
                  | a little less powerful. [potion of mutation]
  4860 | D:5      | Gained mutation: You have large cloven feet. [potion of
                  | mutation]
  4860 | D:5      | Gained mutation: You are partially covered in yellow
                  | scales. (AC +2) [potion of mutation]
  4870 | D:5      | Killed Grinder
  4870 | D:5      | Reached skill level 4 in Fighting
  4870 | D:5      | Reached skill level 5 in Invocations
  4917 | D:5      | Noticed Menkaure
  4930 | D:5      | Killed Menkaure
  5052 | D:5      | Reached skill level 6 in Unarmed Combat
  5479 | D:6      | Identified a +0 flail
  5479 | D:6      | Identified a +0 hand axe
  5479 | D:6      | Identified a +0 dagger
  5479 | D:6      | Identified a +0 robe
  5482 | D:6      | Identified a +0 vampiric whip
  5482 | D:6      | Identified a +0 ring mail
  5502 | D:6      | Found Nanaud's Food Shop.
  5517 | D:6      | Reached skill level 4 in Dodging
  5645 | D:6      | Identified a +2 morningstar of flaming
  5645 | D:6      | Identified +0 steam dragon scales
  5645 | D:6      | Noticed Maggie
  5659 | D:6      | Killed Maggie
  5659 | D:6      | Reached XP level 9. HP: 68/85 MP: 12/12
  5788 | D:6      | Identified a +0 club
  5788 | D:6      | Identified a +0 leather armour
  5788 | D:6      | Identified a +0 short sword
  5901 | D:6      | Reached skill level 6 in Invocations
  5941 | D:6      | Identified a +0 club
  5941 | D:6      | Identified a +0 hand axe
  5944 | D:6      | Identified a +0 dagger
  5944 | D:6      | Identified a +0 robe
  5950 | D:6      | Reached skill level 4 in Throwing
  6100 | D:6      | Identified a +0 cloak (You found it on level 6 of the
                  | Dungeon)
  6147 | D:6      | Found a burning altar of Makhleb.
  6270 | D:6      | Reached **** piety under Lugonu
  6364 | D:6      | Identified a +0 club
  6364 | D:6      | Identified a +0 chain mail
  6364 | D:6      | Identified a +3 mace
  6364 | D:6      | Identified an uncursed amulet of faith
  6472 | D:6      | Identified a +5 halberd
  6472 | D:6      | Identified a +0 robe
  6482 | D:6      | Identified a +0 flail
  6482 | D:6      | Identified a +0 robe
  6489 | D:6      | Reached skill level 7 in Unarmed Combat
  6575 | D:6      | Identified a +4 mace
  6575 | D:6      | Identified a +0 robe
  6577 | D:6      | Identified a +4 spear
  6577 | D:6      | Identified a +0 robe
  6580 | D:6      | Identified a +0 flail
  6580 | D:6      | Identified a +0 robe
  6602 | D:7      | Identified a +0 dagger
  6602 | D:7      | Identified a +0 robe
  6602 | D:7      | Identified a +0 flail
  6602 | D:7      | Identified a cursed -2 club
  6602 | D:7      | Identified a +0 leather armour
  6603 | D:7      | Identified a +0 dagger
  6630 | D:7      | Reached skill level 1 in Armour
  6659 | D:7      | Found a staircase to the Ecumenical Temple.
  6731 | D:7      | Found a sacrificial altar of Ru.
  6731 | D:7      | Found a hazy altar of Hepliaklqana.
  6737 | D:7      | Found a sparkling altar of Nemelex Xobeh.
  6739 | D:7      | Found a hide-covered altar of Uskayaw.
  6741 | D:7      | Found a basalt altar of Yredelemnul.
  6814 | D:7      | Identified a +0 shortbow
  6832 | D:7      | Found a sparkling altar of Nemelex Xobeh.
  6835 | D:7      | Found a sacrificial altar of Ru.
  6835 | D:7      | Found a shadowy altar of Dithmenos.
  6837 | D:7      | Found a shimmering altar of Xom.
  6837 | D:7      | Found a shimmering altar of Xom.
  6837 | D:7      | Found a shimmering altar of Xom.
  6868 | D:7      | Identified a +0 mace
  6869 | D:7      | Identified a +0 club
  6869 | D:7      | Identified a +0 leather armour
  6869 | D:7      | Identified a cursed -1 club
  6869 | D:7      | Identified a +0 chain mail
  6919 | D:7      | Reached skill level 2 in Armour
  6928 | D:7      | Reached skill level 5 in Fighting
  7042 | D:7      | Identified a +0 dagger
  7042 | D:7      | Identified a +0 robe
  7273 | D:8      | Identified a +0 war axe
  7273 | D:8      | Identified a +0 leather armour
  7275 | D:8      | Identified a +0 mace
  7279 | D:8      | Identified a +0 flail
  7291 | D:8      | Reached ***** piety under Lugonu
  7291 | D:8      | Reached XP level 10. HP: 96/96 MP: 14/14
  7315 | D:8      | Identified a +0 giant club
  7321 | D:8      | Reached skill level 7 in Invocations
  7374 | D:8      | Identified an amulet of the acrobat (You found it on level
                  | 8 of the Dungeon)
  7466 | D:8      | Identified a +0 shortbow
  7561 | D:8      | Found an ornate altar of the Wu Jian Council.
  7690 | D:8      | Identified a +0 dagger
  7690 | D:8      | Identified a +0 scale mail
  7692 | D:8      | Identified a +0 mace
  7695 | D:8      | Identified a +0 dagger
  7695 | D:8      | Identified a +0 robe
  7697 | D:8      | Identified a +0 hand axe
  7697 | D:8      | Identified a +1 leather armour of cold resistance
  7739 | D:8      | Identified a +0 dagger
  7740 | D:8      | Identified a +0 whip
  7743 | D:8      | Identified a +1 dagger of electrocution
  7747 | D:8      | Reached skill level 5 in Dodging
  7747 | D:8      | Reached skill level 8 in Unarmed Combat
  8114 | D:9      | Identified a +0 giant spiked club
  8216 | D:9      | Reached skill level 3 in Armour
  8415 | D:9      | Identified a +0 shortbow
  8424 | D:9      | Reached skill level 5 in Throwing
  8566 | D:9      | Found Nisetuva's Magic Scroll Shop.
  8575 | D:9      | Identified a +0 troll leather armour
  8677 | D:9      | Identified a +0 club
  8677 | D:9      | Identified a +0 leather armour
  8680 | D:9      | Identified a +0 dagger
  8680 | D:9      | Identified a +0 robe
  8681 | D:9      | Identified a +0 leather armour
  8727 | D:9      | Identified a +0 shortbow
  8792 | D:9      | Found a sacrificial altar of Ru.
  8901 | D:9      | Identified 4 scrolls of random uselessness
  8955 | D:10     | Entered Level 10 of the Dungeon
  8955 | D:10     | Identified a +0 hand axe
  8955 | D:10     | Identified a +0 flail
  8955 | D:10     | Identified a +0 leather armour
  9120 | D:10     | Identified a cursed -3 flail
  9120 | D:10     | Noticed a gargoyle
  9154 | D:10     | Killed a gargoyle
  9205 | D:10     | Identified a +0 shortbow
  9219 | D:10     | Identified a +4 shortbow
  9229 | D:10     | Identified a +0 shortbow
  9242 | D:10     | Reached skill level 4 in Armour
  9298 | D:10     | Identified a +0 shortbow
  9347 | D:10     | Noticed Snorg
  9359 | D:10     | Killed Snorg
  9359 | D:10     | Reached skill level 8 in Invocations
  9391 | D:10     | Identified a +0 dagger
  9392 | D:10     | Identified a +0 club
  9392 | D:10     | Identified a +0 ring mail
  9394 | D:10     | Identified a +0 mace
  9394 | D:10     | Identified a +0 leather armour
  9395 | D:10     | Reached XP level 11. HP: 105/105 MP: 16/16
  9404 | D:10     | Reached skill level 9 in Unarmed Combat
  9440 | D:10     | Identified a +0 dagger
  9440 | D:10     | Identified a +0 robe
  9482 | D:10     | Identified a +0 dagger
  9482 | D:10     | Identified a +0 robe
  9490 | D:10     | Identified a cursed -1 dagger
  9511 | D:10     | Found a staircase to the Lair.
  9552 | D:10     | Identified a +1 dagger of draining
  9552 | D:10     | Identified a +0 robe
  9552 | D:10     | Identified a +0 giant club
  9566 | D:10     | Found a radiant altar of Vehumet.
  9597 | D:10     | Identified a +0 war axe
  9724 | D:10     | Identified a +0 dagger
 10148 | D:11     | Noticed a white ugly thing
 10170 | D:11     | HP: 25/105 [white ugly thing (8)]
 10170 | D:11     | Slain by a white ugly thing

Table legend:
 A = Turns spent in this place as a percentage of turns spent in the entire game.
 B = Non-inter-level travel turns spent in this place as a percentage of non-inter-level travel turns spent in the entire game.
 C = Inter-level travel turns spent in this place as a percentage of turns spent in this place.
 D = Turns resting spent in this place as a percentage of non-inter-level travel turns spent in this place.
 E = Turns spent auto-exploring this place as a percentage of non-inter-level travel turns spent in this place.
 F = Non-inter-level travel turns spent in this place divided by the number of levels of this place that you've seen.
                   A       B       C       D       E      F
               +-------+-------+-------+-------+-------+----------------------
         Total | 100.0 | 100.0 |   4.2 |   7.3 |  68.1 | 811.8
       Dungeon |  99.4 |  99.4 |   4.2 |   7.3 |  68.5 | 880.5
         Abyss |   0.6 |   0.6 |   0.0 |   0.0 |   0.0 |  56.0
               +-------+-------+-------+-------+-------+----------------------

Table legend:
 A = Kills in this place as a percentage of kills in entire the game.
 B = Kills by you in this place as a percentage of kills by you in the entire game.
 C = Kills by friends in this place as a percentage of kills by friends in the entire game.
 D = Other kills in this place as a percentage of other kills in the entire game.
 E = Experience gained in this place as a percentage of experience gained in the entire game.
 F = Experience gained in this place divided by the number of levels of this place that you have seen.
                   A       B       C       D       E      F
               +-------+-------+-------+-------+-------+----------------------
         Total | 100.0 | 100.0 |   N/A |   N/A | 100.0 | 1196.9
       Dungeon | 100.0 | 100.0 |   N/A |   N/A | 100.0 | 1305.7
               +-------+-------+-------+-------+-------+----------------------

Skill      XL: |  1  2  3  4  5  6  7  8  9 10 11 |
---------------+----------------------------------+-----
Dodging        | 2 3 4 5 |  5.7
Invocations    | 2 3 4 5 6 8 |  8.4
Throwing       | 1 2 3 4 5 |  5.7
Unarmed Combat | 3 4 5 6 7 8 9 |  9.2
Fighting       | 3 4 5 |  5.9
Armour         | 2 4 |  4.8
Evocations     | |  0.5

Action                   |  1- 3 |  4- 6 |  7- 9 | 10-12 || total
-------------------------+-------+-------+-------+-------++-------
Melee: Unarmed           |    94 |   156 |   227 |   252 ||   729
       Punch             |     2 |       |     9 |     8 ||    19
       Kick              |       |       |    45 |    87 ||   132
Throw: Stone             |    75 |    80 |    13 |    74 ||   242
       Boomerang         |       |    10 |    37 |    78 ||   125
       Dart              |       |       |    12 |       ||    12
Invok: Depart the Abyss  |     1 |       |       |       ||     1
Evoke: Wand              |       |       |       |     3 ||     3
  Use: Scroll            |     1 |     3 |     2 |     5 ||    11
       Potion            |       |       |     1 |       ||     1
 Stab: Paralysed         |       |       |       |     2 ||     2
  Eat: Chunk             |    18 |    23 |    37 |    26 ||   104
Armor: Robe              |    29 |    55 |    56 |       ||   140
       Steam dragon scal |       |       |    57 |    31 ||    88
       Troll leather arm |       |       |       |    76 ||    76
Dodge: Dodged            |    53 |    93 |   168 |   163 ||   477

Vanquished Creatures
  Snorg (D:10)
  Pikel (D:5)
  A centaur skeleton (D:10)
  A gargoyle (D:10)
  Maggie (D:6)
  4 trolls
  Grinder (D:5)
  3 hippogriffs
  A wyvern (D:8)
  5 yaks (D:10)
  A spriggan (D:7)
  A hungry ghost (D:7)
  3 wargs (D:10)
  Menkaure (D:5)
  An acid dragon (D:10)
  An ice beast (D:9)
  4 phantoms
  3 sky beasts
  4 ogres
  A necrophage (D:8)
  9 centaurs
  A big kobold (D:8)
  6 bullfrogs
  A wyvern zombie (D:7)
  5 scorpions
  5 killer bees (D:7)
  5 wights (D:6)
  2 howler monkeys
  3 crimson imps
  5 hounds
  3 jellies
  7 orc priests
  2 bullfrog skeletons
  A gnoll shaman (D:5)
  3 iron imps (D:6)
  4 iguanas
  8 orc wizards
  6 worker ants
  A hound zombie (D:5)
  Robin (D:2)
  A howler monkey zombie (D:7)
  2 worker ant zombies (D:5)
  5 gnolls
  6 adders
  3 shadow imps
  3 worms
  5 dart slugs
  3 leopard geckos
  41 orcs
  5 bats
  17 goblins
  8 hobgoblins
  18 jackals
  3 quokkas
  A ball python (D:1)
  6 frilled lizards
  A jackal skeleton (D:8)
  12 kobolds
  6 rats
263 creatures vanquished.
